 Dungeon Crawl Stone Soup version 0.28.0-45-g0d030f2227 (webtiles) character file.

Game seed: 13853189572743856586

11 NinjaNoafa the Chiller (level 2, 0/22 HPs)
             Began as a Draconian Ice Elementalist on Apr 7, 2022.
             Frozen to death by an endoplasm (5 damage)
             ... on level 1 of the Dungeon.
             The game lasted 00:01:29 (298 turns).

NinjaNoafa the Chiller (Draconian Ice Elementalist)  Turns: 298, Time: 00:01:29

Health: 0/22       AC:  4    Str: 10    XL:     2   Next: 17%
Magic:  0/5        EV: 12    Int: 15    God:
Gold:   0          SH:  0    Dex: 11    Spells: 4/5 levels left

rFire   . . .      SeeInvis .   b - +0 short sword (protect)
rCold   . . .      Faith    .   (no shield)
rNeg    . . .      Spirit   .   (armour unavailable)
rPois   .          Reflect  .   (helmet restricted)
rElec   .          Harm     .   (no cloak)
rCorr   .          Rampage  .   (no gloves)
Will    .....                   (no boots)
Stlth   ++........              (no amulet)
HPRegen 0.07/turn               (no ring)
MPRegen 0.09/turn               (no ring)

@: slowed, very slow
A: AC +4, unfitting armour, cold-blooded
a: no special abilities


You were on level 1 of the Dungeon.
You visited 1 branch of the dungeon, and saw 1 of its levels.

Inventory:

Hand Weapons
 a - a +0 dagger
 b - a +0 short sword of protection (weapon)
Missiles
 c - 4 poisoned darts


   Skills:
 + Level 0.5 Fighting
 + Level 2.0 Dodging
 + Level 2.0 Stealth
 + Level 2.1 Spellcasting
 + Level 4.1 Ice Magic


You had 4 spell levels left.
You knew the following spells:

 Your Spells              Type           Power      Damage    Failure   Level
a - Freeze                Ice            52%        1d7       4%          1

Your spell library contained the following spells:

 Spells                   Type           Power      Damage    Failure   Level
 Frozen Ramparts          Ice            26%        1d4       12%         3
 Ozocubu's Armour         Ice            13%        N/A       12%         3
 Hailstorm                Conj/Ice       7%         3d4       67%         4


Dungeon Overview and Level Annotations

Branches:
Dungeon (1/15)

Altars:


Innate Abilities, Weirdness & Mutations

Your plain brown scales are hard. (AC +4)
You cannot fit into any form of body armour.
You are cold-blooded and may be slowed by cold attacks.


Message History

You closely miss the bat. You tail-slap the bat.
The bat is severely wounded.
The bat closely misses you. The endoplasm freezes you.
You are frozen.
You feel yourself slow down.
You feel yourself speed up. The bat closely misses you.
The bat hits you but does no damage.
The endoplasm hits you but does no damage.
You closely miss the bat.
The bat is severely wounded.
The bat hits you but does no damage. The endoplasm freezes you.
You are frozen.
You feel yourself slow down. The bat barely misses you.
The bat hits you but does no damage. The bat hits you. x2
The endoplasm barely misses you.
Casting: Freeze (safe; 4% risk of failure)
Confirm with . or Enter, or press ? or * to list all spells.
Aiming: Freeze (safe; 4% risk of failure)
Press: ? - help, Shift-Dir - straight line, f/p - endoplasm
Aim: an endoplasm (moderately wounded)
You freeze the endoplasm.
The endoplasm is almost dead.
The bat hits you.
The endoplasm hits you but does no damage.
You barely miss the endoplasm.
The endoplasm is almost dead.
You feel yourself speed up. The bat hits you but does no damage.
The endoplasm closely misses you. The bat barely misses you.
The endoplasm freezes you.
You are frozen.
* * * LOW HITPOINT WARNING * * *
You feel yourself slow down.
You barely miss the bat.
The bat is moderately wounded.
The bat closely misses you. The bat hits you but does no damage.
The endoplasm freezes you.
You are frozen.
You die...

#...# #...## #....#
#....## #.....##
#...#..## ##.####
#.......### ........#
##J#......# .........#
#@#.......
.........####.b.......
............††.....##.
.........#..###....#
...........## ....#
.....>....## ....#
..........##########
.......†........
##########†############


You could see an endoplasm and a bat.

Vanquished Creatures
  A ball python (D:1)
  A goblin (D:1)
  2 jackals (D:1)
  A kobold (D:1)
  A quokka (D:1)
  A bat (D:1)
  A frilled lizard (D:1)
  3 rats (D:1)
11 creatures vanquished.

Notes
Turn   | Place    | Note
-------+----------+-------------------------------------------
     0 | D:1      | NinjaNoafa the Draconian Ice Elementalist began the quest
                  | for the Orb.
     0 | D:1      | Reached XP level 1. HP: 14/14 MP: 3/3
   267 | D:1      | Reached XP level 2. HP: 17/22 MP: 1/5
   298 | D:1      | Frozen to death by an endoplasm

Illustrated notes

Levels and vault maps discovered:
D:1:      dpeg_arrival_chambers_temple_mockup, layout_rooms,
          shapermc_ecumenical_altar_mp_highgroup, minmay_statues_item

Skill      XL: |  1  2 |
---------------+-------+-----
Stealth        | 2 |  2.0
Dodging        | 2 |  2.0
Fighting       | |  0.5
Spellcasting   | |  2.1
Ice Magic      | |  4.1

Action                   || total
-------------------------++-------
Melee: Short sword       ||    27
       Unarmed           ||    13
       Tailslap          ||     2
 Cast: Freeze            ||     9
 Stab: Sleeping          ||     1
Armor: Skin              ||    28
Dodge: Dodged            ||    54
